 Dungeon Crawl Stone Soup version 0.24.0-28-g17ded55e90 (webtiles) character file.

Game seed: 6572538791841130882, levelgen mode: deterministic

70 Matador8 the Grave Robber (level 4, 30/30 HPs)
             Began as a Demonspawn Necromancer on Nov 12, 2019.
             Was a Follower of Uskayaw.
             Quit the game on level 2 of the Dungeon.
             The game lasted 00:06:37 (2462 turns).

Matador8 the Grave Robber (Demonspawn Necromancer)  Turns: 2462, Time: 00:06:38

Health: 30/30      AC:  2    Str: 10    XL:     4   Next: 4%
Magic:  8/8        EV: 12    Int: 16    God:    Uskayaw [*.....]
Gold:   80         SH:  0    Dex: 13    Spells: 4/9 levels left

rFire    . . .     SeeInvis .   j - +0 dagger (venom)
rCold    . . .     Gourm    .   (no shield)
rNeg     . . .     Faith    .   a - +0 robe
rPois    .         Spirit   .   (no helmet)
rElec    .         Reflect  .   (no cloak)
rCorr    .         Harm     .   (no gloves)
MR       .....                  (no boots)
Stlth    ++........             (no amulet)
HPRegen  0.10/turn              (no ring)
MPRegen  0.11/turn              (no ring)

@: no status effects
A: hooves 1
a: Stomp, Renounce Religion


You were on level 2 of the Dungeon.
You worshipped Uskayaw.
Uskayaw was noncommittal.
You were not hungry.

You visited 1 branch of the dungeon, and saw 2 of its levels.

You collected 80 gold pieces.

Inventory:

Hand Weapons
 j - a +0 dagger of venom (weapon)
Armour
 a - a +0 robe (worn)
 b - a cursed +0 ring mail
Jewellery
 e - an uncursed amulet of regeneration {unknown}
Scrolls
 f - a scroll of fear {unknown}
 g - 2 scrolls of identify {unknown}
 h - a scroll of fog {unknown}
 k - a scroll of blinking {unknown}
 m - a scroll of enchant armour {unknown}
Potions
 d - a potion of degeneration {unknown}
 i - a potion of flight {unknown}
Comestibles
 c - a ration


   Skills:
 + Level 0.5 Short Blades
 - Level 1.7 Dodging
 - Level 1.7 Stealth
 - Level 3.0 Spellcasting
 + Level 5.3 Necromancy


You had 4 spell levels left.
You knew the following spells:

 Your Spells              Type           Power        Failure   Level  Hunger
a - Pain                  Necr           ###.         1%          1    #......
b - Animate Skeleton      Necr           N/A          1%          1    #......
c - Vampiric Draining     Necr           ###.......   6%          3    ###....

Your spell library contained the following spells:

 Spells                   Type           Power        Failure   Level  Hunger
 Confusing Touch          Hex            #.....       19%         1    #......
 Regeneration             Chrm/Necr      ##........   19%         3    ###....
 Animate Dead             Necr           N/A          21%         4    #####..
 Confuse                  Hex            #.......     50%         3    ###....
 Gell's Gravitas          Tloc           #.........   50%         3    ###....
 Petrify                  Tmut/Erth      #.......     88%         4    #####..
 Metabolic Englaciation   Hex/Ice        #.........   99%         5    ######.
 Yara's Violent Unravell  Hex/Tmut       #.........   99%         5    ######.


Dungeon Overview and Level Annotations

Branches:
Dungeon (2/15)

Altars:
Uskayaw


Innate Abilities, Weirdness & Mutations

You have large cloven feet.


Message History

* * * LOW HITPOINT WARNING * * *
Your kobold skeleton barely misses the kobold.
You barely miss the kobold. Your kick misses the kobold.
The kobold is severely wounded.
You kill the kobold!
Found a scroll labeled TALOIDAXKA.
You see here a +0 dagger.
You now have 80 gold pieces (gained 11).
You can no longer pass through a line of other dancers.
Found a stone staircase leading down.
You pick up a book of Misfortune and begin reading...
You add the spells Confusing Touch, Confuse, Gell's Gravitas, Petrify, Metabolic Englaciation and Yara's Violent Unravelling to your library.
You start resting.
Eating one of 2 chunks of flesh.
You eat one of the 2 chunks of flesh.
This raw flesh tastes terrible.
Your kobold skeleton crumbles into dust!
All of the chunks of flesh in your inventory have rotted away.
HP restored.
Unknown command.
Are you sure you want to abandon this character and quit the game? (Confirm with "yes".)

#.###.######
#..........# #
#########.####.# ...
#.........# #.#
....########.#########
#.#
?......)..((........
#Z#
...........#........
#.#
...........#........
#.#
..........@.........
#.#
#######.............
#.# #............. #.#
#............. #..
#...##........ #.#
#...# ..#### ### >...'
..+ .# .#
#....#...####.###.# #.
'............


There were no monsters in sight!

Vanquished Creatures
  2 adders (D:2)
  An ooze (D:2)
  2 worms (D:2)
  A dart slug (D:2)
  2 leopard geckos (D:2)
  3 bats
  4 giant cockroaches
  5 hobgoblins
  6 kobolds
  A quokka (D:2)
  3 frilled lizards
  3 goblins
  8 rats
41 creatures vanquished.

Notes
Turn   | Place    | Note
-------+----------+-------------------------------------------
     0 | D:1      | Matador8 the Demonspawn Necromancer began the quest for the
                  | Orb.
     0 | D:1      | Reached XP level 1. HP: 13/13 MP: 3/3
   474 | D:1      | Gained mutation: You have large cloven feet. [demonic
                  | ancestry]
   474 | D:1      | Reached XP level 2. HP: 19/19 MP: 3/5
   900 | D:1      | Learned a level 1 spell: Animate Skeleton
  1301 | D:2      | Reached skill level 5 in Necromancy
  1301 | D:2      | Reached XP level 3. HP: 12/24 MP: 4/7
  2053 | D:2      | Learned a level 3 spell: Vampiric Draining
  2068 | D:2      | Found a hide-covered altar of Uskayaw.
  2072 | D:2      | Became a worshipper of Uskayaw the Reveler
  2129 | D:2      | Reached * piety under Uskayaw
  2202 | D:2      | Reached ** piety under Uskayaw
  2203 | D:2      | Reached XP level 4. HP: 27/30 MP: 8/8
  2462 | D:2      | Quit the game

Levels and vault maps discovered:
D:1:      minmay_arrival_stone_box, layout_basic
D:2:      layout_basic, marbit_many_paths

Skill      XL: |  1  2  3 |
---------------+----------+-----
Necromancy     | 5 |  5.3
Spellcasting   | 3 |  3.0
Short Blades   | |  0.5
Dodging        | |  1.7
Stealth        | |  1.7

Action                   |  1- 3 |  4- 6 || total
-------------------------+-------+-------++-------
Melee: Dagger            |    59 |     9 ||    68
       Kick              |    17 |     1 ||    18
       Unarmed           |     3 |       ||     3
 Cast: Pain              |    33 |       ||    33
       Animate Skeleton  |     4 |       ||     4
 Stab: Sleeping          |     1 |       ||     1
       Distracted        |     1 |       ||     1
  Eat: Chunk             |     4 |     1 ||     5
Armor: Robe              |    14 |       ||    14
Dodge: Dodged            |    58 |     4 ||    62
